 Dungeon Crawl Stone Soup version 0.27.1 (webtiles) character file.

Game seed: 10509947170347157089

7003 Thatpatchoflichen the Frost Mage (level 10, -6/86 HPs)
             Began as a White Draconian Ice Elementalist on Aug 28, 2021.
             Was a Follower of Sif Muna.
             Mangled by a cyan ugly thing (17 damage)
             ... on level 9 of the Dungeon.
             The game lasted 00:45:16 (13024 turns).

Thatpatchoflichen the Frost Mage (DrIE)            Turns: 13024, Time: 00:45:17

Health: -6/86      AC: 20    Str: 16    XL:     10   Next: 82%
Magic:  19/19      EV: 16    Int: 18    God:    Sif Muna [*.....]
Gold:   463        SH: 11    Dex: 13    Spells: 8/21 levels left

rFire    + . .     SeeInvis .   Q - +4 scimitar (flame)
rCold    + . .     Faith    .   C - +1 kite shield {rF+}
rNeg     . . .     Spirit   .   (armour unavailable)
rPois    .         Reflect  .   (helmet restricted)
rElec    .         Harm     .   O - +0 cloak
rCorr    .         Rampage  .   (no gloves)
Will     .....                  s - +2 pair of boots
Stlth    ++........             K - amulet of magic regeneration
HPRegen  0.24/turn              J - +4 ring of evasion
MPRegen  0.41/turn              a - +6 ring of strength

@: ice-armoured (expiring)
A: breathe frost, AC +7, unfitting armour, cold resistance 1, cold-blooded
a: Breathe Frost, Renounce Religion, Channel Magic


You were on level 9 of the Dungeon.
You worshipped Sif Muna.
Sif Muna was aware of your devotion.
You visited 2 branches of the dungeon, and saw 10 of its levels.

You collected 463 gold pieces.

Inventory:

Hand Weapons
 r - a +0 hand axe
 I - a +0 vorpal shortbow
 Q - a +4 scimitar of flaming (weapon)
 W - a +2 short sword of venom
Missiles
 b - 87 poisoned darts
 i - a throwing net
 p - 45 sling bullets
 q - 325 stones
 w - 13 bolts
 y - 96 arrows
 B - 8 datura-tipped darts
 H - a curare-tipped dart
Armour
 s - a +2 pair of boots (worn)
 C - a +1 kite shield of fire resistance (worn)
 O - a +0 cloak (worn)
Magical Staves
 D - a staff of cold
Jewellery
 a - a +6 ring of strength (right hand)
 x - a ring of protection from cold
 G - a ring of protection from cold
 J - a +4 ring of evasion (left hand)
 K - an amulet of magic regeneration (around neck)
Wands
 t - a wand of polymorph (2)
 z - a wand of flame (22)
 F - a wand of iceblast (8)
 N - a wand of acid (7)
Scrolls
 e - a scroll of noise {unknown}
 j - a scroll of brand weapon
 k - a scroll of immolation {unknown}
 m - a scroll of summoning {unknown}
 u - 2 scrolls of identify
 v - 2 scrolls of enchant weapon
 A - 2 scrolls of acquirement {unknown}
 E - 3 scrolls of amnesia {unknown}
 L - 2 scrolls of teleportation {unknown}
 M - a scroll of fear
 R - a scroll of blinking {unknown}
 S - a scroll of magic mapping {unknown}
 U - 2 scrolls of fog {unknown}
Potions
 c - a potion of haste {unknown}
 d - 2 potions of might {unknown}
 f - 3 potions of lignification
 g - 4 potions of curing
 h - a potion of resistance {unknown}
 l - a potion of attraction {unknown}
 n - 2 potions of mutation {unknown}
 o - a potion of brilliance {unknown}
 P - 2 potions of berserk rage {unknown}
 T - a potion of ambrosia {unknown}
 V - a potion of heal wounds {unknown}


   Skills:
 + Level 7.0 Fighting
 - Level 4.0 Staves
 + Level 5.8 Dodging
 - Level 1.7 Stealth
 * Level 7.6 Shields
 - Level 6.0 Spellcasting
 - Level 6.0 Conjurations
 - Level 8.0 Ice Magic
 - Level 4.0 Evocations


You had 8 spell levels left.
You knew the following spells:

 Your Spells              Type           Power      Damage    Failure   Level
a - Freeze                Ice            100%       1d11      1%          1
b - Frozen Ramparts       Ice            68%        1d8       3%          3
c - Ozocubu's Armour      Ice            34%        N/A       3%          3
d - Searing Ray           Conj           54%        3d5       3%          2
e - Hailstorm             Conj/Ice       30%        3d8       17%         4

Your spell library contained the following spells:

 Spells                   Type           Power      Damage    Failure   Level
 Magic Dart               Conj           100%       1d8       2%          1
 Shock                    Conj/Air       64%        1d7       9%          1
 Animate Skeleton         Necr           10%        N/A       30%         1
 Apportation              Tloc           10%        N/A       30%         1
 Corona                   Hex            5%         N/A       30%         1
 Summon Small Mammal      Summ           20%        N/A       30%         1
 Call Canine Familiar     Summ           5%         N/A       65%         3
 Summon Guardian Golem    Hex/Summ       5%         N/A       65%         3
 Swiftness                Air            5%         N/A       65%         3
 Fulminant Prism          Conj/Hex       8%         3d7       65%         4
 Airstrike                Air            2%         N/A       96%         4
 Alistair's Intoxication  Tmut/Pois      3%         N/A       100%        5
 Invisibility             Hex            2%         N/A       100%        6
 Orb of Destruction       Conj           13%        9d6       100%        7
 Spellforged Servitor     Conj/Summ      8%         N/A       100%        7


Dungeon Overview and Level Annotations

Branches:
Dungeon (9/15)             Temple (1/1) D:6
   Lair: D:8-11         Orc: D:9-12

Altars:
Ashenzari
Dithmenos
Elyvilon
Fedhas
Gozag
Hepliaklqana
Kikubaaqudgha
Makhleb
Nemelex Xobeh
Qazlal
Ru
Sif Muna
Trog
Uskayaw
Vehumet
Wu Jian
Xom
Yredelemnul
Zin

Shops:
D:6 (


Innate Abilities, Weirdness & Mutations

You can breathe waves of freezing cold which knock back foes.
Your icy white scales are hard. (AC +7)
You cannot fit into any form of body armour.
Your flesh is cold resistant. (rC+)
You are cold-blooded and may be slowed by cold attacks.


Message History

Casting: Freeze (safe; 1% risk of failure)
Confirm with . or Enter, or press ? or * to list all spells.
Casting: Frozen Ramparts (mildly dangerous; 3% risk of failure)
Press: ? - help, Dir - look around, f - activate You feel a surge of power!
The walls around you are covered in ice.
The wall freezes the meliai. x2
You barely miss the meliai.
The meliai is moderately wounded.
The wall freezes the meliai.
You block the meliai's attack. The meliai closely misses you.
The wall freezes the meliai.
The meliai hits you but does no damage. You block the meliai's attack.
You closely miss the meliai.
The meliai is severely wounded.
The wall freezes the meliai.
The meliai hits you but does no damage.
The meliai stings you but does no damage.
The wall freezes the meliai.
You kill the meliai!
Sif Muna accepts your kill.
Your Fighting skill increases to level 7!
You start resting.
A cyan ugly thing comes into view.
The cyan ugly thing gurgles horribly!
You hear a shout!
The wall freezes the cyan ugly thing.
You hear a shout!
Your +4 scimitar of flaming bursts into flame!
Q - a +4 scimitar of flaming (weapon)
The wall freezes the cyan ugly thing.
You closely miss the cyan ugly thing.
The cyan ugly thing is lightly wounded.
The wall freezes the cyan ugly thing.
The cyan ugly thing punches you but does no damage.
The wall freezes the cyan ugly thing.
You block the cyan ugly thing's attack.
You hit the cyan ugly thing. You burn the cyan ugly thing.
The cyan ugly thing is moderately wounded.
Your icy armour starts to melt.
The frozen ramparts melt away.
The cyan ugly thing punches you!
* * * LOW HITPOINT WARNING * * *
The cyan ugly thing shocks you!
You die...

......≈....#
#....≈.....#
#..........#
#..........#
#..........##
#.###.......#
#.###.......####
#..............#######
#.....########..@u)).##
#.....#####....#####).#
#...........#.........#
#....###.........##...#
#....# ####...####y#Y.#
#.##.# ##### W##o.#
#.##.. Z. .y.# .. #..
#. yo.# # #.. .. ..Y.


You could see a cyan ugly thing.

Vanquished Creatures
  A two-headed ogre (D:9)
  3 meliai (D:9)
  Grinder (D:5)
  2 hornets
  A wraith (D:9)
  11 yaks
  A wyvern (D:8)
  Eustachio (D:6)
  A water moccasin (D:5)
  Duvessa (D:4)
  2 black bears
  A necrophage (D:5)
  An ice beast (D:8)
  An ogre (D:5)
  4 centaurs
  3 kobold brigands
  A bullfrog (D:7)
  A gnoll sergeant (D:6)
  Dowan (D:4)
  2 scorpions
  A water moccasin zombie (D:6)
  A wyvern skeleton (D:7)
  A killer bee (D:9)
  2 howler monkeys (D:9)
  A bullfrog zombie (D:5)
  4 jellies
  2 centaur zombies
  3 orc priests
  3 hounds (D:5)
  An iguana (D:4)
  6 orc wizards
  Ijyb (D:3)
  A howler monkey zombie (D:9)
  11 adders
  12 gnolls
  An ufetubus (D:7)
  2 worms (D:2)
  18 orcs
  10 endoplasms
  4 giant cockroaches
  4 goblins
  9 hobgoblins
  9 jackals
  18 kobolds
  3 quokkas
  6 ball pythons
  8 bats
  2 frilled lizards (D:1)
  6 rats
190 creatures vanquished.

Vanquished Creatures (others)
  Erica (D:8)
1 creature vanquished.

Grand Total: 191 creatures vanquished

Notes
Turn   | Place    | Note
-------+----------+-------------------------------------------
     0 | D:1      | Thatpatchoflichen the Draconian Ice Elementalist began the
                  | quest for the Orb.
     0 | D:1      | Reached XP level 1. HP: 14/14 MP: 3/3
   516 | D:1      | Reached XP level 2. HP: 14/20 MP: 5/5
  1230 | D:1      | Found a faded altar of an unknown god.
  2059 | D:2      | Reached skill level 1 in Fighting
  2059 | D:2      | Reached XP level 3. HP: 28/28 MP: 1/6
  2578 | D:2      | Reached XP level 4. HP: 35/35 MP: 8/8
  3256 | D:2      | Learned a level 3 spell: Frozen Ramparts
  3260 | D:2      | Learned a level 3 spell: Ozocubu's Armour
  3517 | D:3      | Reached XP level 5. HP: 10/41 MP: 2/9
  4430 | D:3      | Reached skill level 5 in Ice Magic
  4567 | D:4      | Noticed a black bear
  4581 | D:4      | Killed a black bear
  4582 | D:4      | Reached XP level 6. HP: 34/51 MP: 0/10
  4774 | D:4      | Reached skill level 6 in Ice Magic
  5019 | D:4      | Found the +5 robe of Night {Dark Will+ SInv}
  5110 | D:4      | Noticed Ijyb
  5170 | D:3      | Killed Ijyb
  5476 | D:5      | Entered Level 5 of the Dungeon
  5476 | D:5      | Noticed Grinder
  5655 | D:5      | Your scales start taking on an icy white colour.
  5655 | D:5      | Reached skill level 7 in Ice Magic
  5655 | D:5      | Reached XP level 7. HP: 47/57 MP: 10/12
  5655 | D:5      | Gained mutation: Your flesh is cold resistant. (rC+) [White
                  | Draconian growth]
  5725 | D:5      | Paralysed by Grinder for 5 turns
  5733 | D:5      | Paralysed by Grinder for 2 turns
  5743 | D:5      | Paralysed by Grinder for 6 turns
  5754 | D:5      | Paralysed by Grinder for 3 turns
  5762 | D:5      | Killed Grinder
  6153 | D:5      | Found a burning altar of Makhleb.
  6218 | D:5      | Reached skill level 8 in Ice Magic
  6580 | D:5      | Noticed Duvessa
  6580 | D:5      | Noticed Dowan
  6584 | D:5      | Reached skill level 1 in Shields
  6584 | D:5      | Reached skill level 1 in Conjurations
  6584 | D:5      | Reached XP level 8. HP: 44/66 MP: 4/14
  6987 | D:4      | Killed Duvessa
  7010 | D:4      | Killed Dowan
  7694 | D:6      | Found a staircase to the Ecumenical Temple.
  7704 | Temple   | Entered the Ecumenical Temple
  7919 | D:6      | Found Baocwats's Antique Weapon Shop.
  8140 | D:6      | Reached skill level 1 in Staves
  8214 | D:5      | Reached skill level 5 in Fighting
  8470 | D:5      | Reached skill level 5 in Dodging
  8473 | D:5      | Reached skill level 5 in Spellcasting
  8565 | D:5      | Reached XP level 9. HP: 75/75 MP: 9/16
  8793 | D:6      | Noticed Eustachio
  8804 | D:6      | Killed Eustachio
  8885 | D:6      | Reached skill level 1 in Evocations
  9881 | D:7      | Found an ancient bone altar of Kikubaaqudgha.
  9881 | D:7      | Found a white marble altar of Elyvilon.
  9881 | D:7      | Found a shadowy altar of Dithmenos.
  9881 | D:7      | Found a shimmering blue altar of Sif Muna.
  9887 | D:7      | Found a broken altar of Ashenzari.
  9887 | D:7      | Found a hide-covered altar of Uskayaw.
  9920 | D:7      | Became a worshipper of Sif Muna the Loreminder
 10792 | D:8      | Found a hazy altar of Hepliaklqana.
 11151 | D:8      | Noticed Erica
 11168 | D:8      | Killed Erica
 11169 | D:8      | Reached skill level 5 in Shields
 11196 | D:8      | Reached XP level 10. HP: 33/83 MP: 11/19
 11536 | D:8      | Found a blossoming altar of Fedhas.
 12052 | D:8      | Learned a level 2 spell: Searing Ray
 12057 | D:8      | Learned a level 4 spell: Hailstorm
 12239 | D:8      | Reached * piety under Sif Muna
 12870 | D:9      | Found a radiant altar of Vehumet.
 12941 | D:9      | Reached skill level 5 in Conjurations
 12983 | D:9      | Noticed a two-headed ogre
 12993 | D:9      | Killed a two-headed ogre
 13018 | D:9      | Noticed a cyan ugly thing
 13024 | D:9      | Mangled by a cyan ugly thing

Illustrated notes

Levels and vault maps discovered:
D:1:      mrwooster_arrival_statue_3, layout_loops_corners,
          hellmonk_ecumenical_altar_zigzags
D:2:      layout_basic
D:3:      layout_loops_cross
D:4:      layout_gridville, uniq_ijyb
D:5:      layout_gridville, mainiacjoe_overflow_24_doors, uniq_grinder,
          uniq_duvessa
D:6:      layout_rooms, minmay_temple_entry_poolview, serial_shops,
          shop_fountains, uniq_eustachio
D:7:      layout_basic, minmay_overflow_temple_hex
D:8:      layout_loops_ring, mainiacjoe_overflow_alcove_2,
          mainiacjoe_overflow_boulevard, uniq_erica
D:9:      layout_basic, mainiacjoe_overflow_paths, kennysheep_mini,
          mainiacjoe_overflow_big_doors, chequers_avenue, minmay_pinched_square
Temple:   compressed_dpeg_triangle_lava_temple

Skill      XL: |  1  2  3  4  5  6  7  8  9 10 |
---------------+-------------------------------+-----
Dodging        | 2 3 4 5 |  5.8
Fighting       | 1 2 3 4 5 6 7 |  7.0
Spellcasting   | 3 4 5 6 |  6.0
Ice Magic      | 5 7 8 |  8.0
Shields        | 1 3 5 7 |  7.6
Conjurations   | 1 2 4 6 |  6.0
Staves         | 2 4 |  4.0
Evocations     | 3 4 |  4.0
Stealth        | |  1.7

Action                   |  1- 3 |  4- 6 |  7- 9 | 10-12 || total
-------------------------+-------+-------+-------+-------++-------
Melee: Club              |    62 |     8 |       |       ||    70
       Tailslap          |     5 |    16 |    46 |    19 ||    86
       Hand axe          |       |    32 |       |       ||    32
       Short sword       |       |   103 |    54 |       ||   157
       Staff             |       |       |   215 |   156 ||   371
       Scimitar          |       |       |       |     2 ||     2
 Cast: Freeze            |    34 |    31 |    22 |    11 ||    98
       Frozen Ramparts   |       |     9 |    24 |     8 ||    41
       Ozocubu's Armour  |       |     2 |    17 |     9 ||    28
Evoke: Wand              |       |       |    11 |       ||    11
  Use: Potion            |       |       |     1 |       ||     1
       Scroll            |       |       |     5 |       ||     5
 Stab: Sleeping          |     2 |     1 |     1 |       ||     4
Armor: Skin              |    27 |    92 |   181 |    54 ||   354
Dodge: Dodged            |    71 |   145 |   250 |   106 ||   572
Block: Kite shield       |       |       |   209 |   111 ||   320
